 Dungeon Crawl Stone Soup version 0.30-b1-2-g02819fbbbe (webtiles) character file.

Game seed: 13304921866394939924

5711 Fartwhistle the Skirmisher (level 10, -9/79 HPs)
             Began as a Gnoll Hunter on Sept 13, 2023.
             Was an Initiate of the Shining One.
             Mangled by a sixfirhy (11 damage)
             ... summoned by a kobold demonologist
             ... on level 9 of the Dungeon.
             The game lasted 00:28:13 (8696 turns).

Fartwhistle the Skirmisher (Gnoll Hunter)           Turns: 8696, Time: 00:28:14

Health: -9/79      AC: 15    Str: 16    XL:     10   Next: 76%
Magic:  18/18      EV: 15    Int: 12    God:    the Shining One [......]
Gold:   317        SH:  0    Dex: 15    Spells: 18/20 levels left

rFire   + . .        q - +5 hammer "Foham" {freeze, Str+4}
rCold   . . .        (no shield)
rNeg    . . .        H - +2 leather armour {Will+}
rPois   .            l - +0 helmet
rElec   .            K - +0 cloak
rCorr   .            (no gloves)
SInv    .            x - +2 pair of boots
Will    +....        (no amulet)
Stlth   ++           h - ring of protection from fire
HPRegen 0.33/turn    c - +4 ring of protection
MPRegen 0.16/turn

%: no passive effects
@: about to teleport, glowing
A: fangs 1, strong nose, distributed training
a: Renounce Religion


You were on level 9 of the Dungeon.
You worshipped the Shining One.
The Shining One was noncommittal.
You visited 2 branches of the dungeon, and saw 10 of its levels.
You also visited: Ossuary.

You collected 535 gold pieces.
You spent 218 gold pieces at shops.

Inventory:

Hand Weapons
 a - a +5 shortbow of freezing
 q - the +5 hammer "Foham" (weapon) {freeze, Str+4}
   (You found it on level 4 of the Dungeon)

   Str:       It affects your strength (+4).
Missiles
 t - 4 poisoned darts
 G - 2 throwing nets
Armour
 l - a +0 helmet (worn)
 x - a +2 pair of boots (worn)
 H - a +2 leather armour of willpower (worn)
 K - a +0 cloak (worn)
 N - a scarf of shadows
Jewellery
 c - a +4 ring of protection (right hand)
 h - a ring of protection from fire (left hand)
 y - a +5 ring of evasion
Wands
 g - a wand of acid (9)
 o - a wand of digging (7)
 M - a wand of flame (39)
Scrolls
 b - 3 scrolls of immolation
 j - 6 scrolls of amnesia
 m - a scroll of teleportation
 n - 3 scrolls of summoning {unknown}
 r - 2 scrolls of torment
 s - a scroll of vulnerability {unknown}
 u - 2 scrolls of enchant armour
 w - 2 scrolls of fog {unknown}
 B - 4 scrolls of enchant weapon {unknown}
 C - a scroll of fear {unknown}
 D - a scroll of acquirement {unknown}
 I - a scroll of poison {unknown}
 J - a scroll of magic mapping {unknown}
 O - a scroll of identify
Potions
 d - 3 potions of attraction
 e - a potion of cancellation {unknown}
 f - 4 potions of lignification
 i - 5 potions of curing {unknown}
 k - 3 potions of ambrosia {unknown}
 p - 4 potions of brilliance {unknown}
 v - 4 potions of mutation
 z - 5 potions of might
 A - a potion of flight {unknown}
 E - 2 potions of degeneration {unknown}
 F - a potion of invisibility {unknown}
 L - 2 potions of berserk rage {unknown}
 P - 3 potions of resistance {unknown}


   Skills:
 + Level 7.5 Fighting
 + Level 5.8 Short Blades
 + Level 5.8 Long Blades
 + Level 5.8 Axes
 + Level 5.8 Maces & Flails
 + Level 5.8 Polearms
 + Level 5.8 Staves
 + Level 10.3 Ranged Weapons
 + Level 5.8 Throwing
 + Level 5.8 Armour
 + Level 7.5 Dodging
 + Level 6.3 Stealth
 + Level 5.8 Shields
 + Level 5.8 Unarmed Combat
 + Level 5.8 Spellcasting
 + Level 4.8 Conjurations
 + Level 4.8 Hexes
 + Level 4.8 Summonings
 + Level 4.8 Necromancy
 + Level 4.8 Translocations
 + Level 4.8 Transmutations
 + Level 4.8 Fire Magic
 + Level 4.8 Ice Magic
 + Level 4.8 Air Magic
 + Level 4.8 Earth Magic
 + Level 4.8 Poison Magic
 + Level 6.3 Invocations
 + Level 5.8 Evocations


You had 18 spell levels left.
You knew the following spells:

 Your Spells              Type           Power      Damage    Failure   Level
a - Ensorcelled Hibernat  Hex/Ice        30%        N/A       4%          2

Your spell library contained the following spells:

 Spells                   Type           Power      Damage    Failure   Level
 Freeze                   Ice            60%        1d7       3%          1
 Poisonous Vapours        Pois/Air       30%        N/A       4%          2
 Sublimation of Blood     Necr           15%        N/A       4%          2
 Wereblood                Tmut           15%        N/A       4%          2
 Frozen Ramparts          Ice            30%        1d5       9%          3
 Mephitic Cloud           Conj/Pois/Air  15%        N/A       9%          3
 Spider Form              Tmut/Pois      15%        N/A       9%          3
 Anguish                  Hex/Necr       7%         N/A       30%         4
 Freezing Cloud           Conj/Ice/Air   7%         6-21      63%         5
 Metabolic Englaciation   Hex/Ice        7%         N/A       63%         5
 Summon Hydra             Summ           7%         N/A       100%        7


Dungeon Overview and Level Annotations

Branches:
Dungeon (9/15)             Temple (1/1) D:7             Orc (0/2) D:9
Ossuary (visited)
   Lair: D:8-11

Altars:
Ashenzari
Cheibriados
Dithmenos
Elyvilon
Fedhas
Gozag
Hepliaklqana
Kikubaaqudgha
Makhleb
Nemelex Xobeh
Okawaru
Qazlal
Ru
Sif Muna
Trog
Uskayaw
Vehumet
Wu Jian
Xom
Yredelemnul
The Shining One

Shops:
D:2 *   D:4 *   D:7 :

Annotations:
D:3 exclusion: downstairs
D:5 3 runed translucent doors, catramo's ghost, novice DsFE
D:6 2 transporters, PanSaczeczos's ghost, novice NaBr


Innate Abilities, Weirdness & Mutations

You have very sharp teeth.
Your uncanny sense of smell can sniff out nearby items.
Your experience applies equally to all skills.


Message History

You feel sick. The white imp closely misses you.
The kobold demonologist hits you but does no damage.
Unknown command.
You thump the kobold demonologist! You freeze the kobold demonologist.
You kill the kobold demonologist!
The Shining One accepts your kill.
The quasit disappears in a puff of smoke!
The ufetubus disappears in a puff of smoke!
The white imp disappears in a puff of smoke!
You feel sick.
A kobold brigand comes into view.
It is wielding a +0 short sword and quivering curare-tipped darts.
Unknown command.
You feel sick.
You are no longer poisoned.
A kobold comes into view. It is wielding a +0 short sword.
The kobold demonologist gestures wildly while chanting.
The kobold shouts!
You hit the sixfirhy. You freeze the sixfirhy.
The sixfirhy is lightly wounded.
The sixfirhy closely misses you. x2
You hit the sixfirhy but do no damage.
The sixfirhy is lightly wounded.
The sixfirhy hits you! The sixfirhy shocks you! The sixfirhy misses you.
The sixfirhy hits you but does no damage. x2
The sixfirhy misses you. The sixfirhy attacks as you move away!
The sixfirhy hits you! The sixfirhy shocks you!
* * * LOW HITPOINT WARNING * * *
The sixfirhy attacks as you move away! The sixfirhy misses you.
As you read the scroll of teleportation, it crumbles to dust.
You feel strangely unstable. The sixfirhy hits you.
* * * LOW HITPOINT WARNING * * *
The sixfirhy shocks you!
* * * LOW HITPOINT WARNING * * *
Okay, then.
The sixfirhy closely misses you. The sixfirhy barely misses you.
The sixfirhy hits you.
* * * LOW HITPOINT WARNING * * *
The sixfirhy shocks you!
You die...

#........ #.#
#####+### #.##
#..# ###+#
##.# ....>.
###.####
.KK...###
#......#
......'.#
#......# #)###
#......# #.K§#
#@.....# ∆
###K###3.....#
∆ #K.##F.....#
##K........#
####......#
########


You could see a sixfirhy (summoned) and a bullfrog.

Vanquished Creatures
  An ugly thing (D:8)
  Joseph (D:7)
  A kobold demonologist (D:9)
  Sigmund (D:2)
  A vampire (D:7)
  A wyvern (D:8)
  2 steam dragons
  Edmund (D:4)
  A warg (D:9)
  Duvessa (D:4)
  4 orc warriors
  A black bear (D:8)
  An ogre (D:4)
  3 centaurs
  3 phantoms
  6 bullfrogs
  14 scorpions
  3 wights (D:7)
  Dowan (D:3)
  3 howler monkeys
  4 crimson imps (D:8)
  5 orc priests
  3 human zombies (Ossuary)
  Crazy Yiuf (D:4)
  A hound (D:6)
  A sleepcap (D:4)
  A gnoll bouda (D:4)
  2 iguanas (D:6)
  7 orc wizards
  6 scorpion zombies (Ossuary)
  3 mummies (Ossuary)
  Robin (D:2)
  4 gnolls
  5 adders
  A shadow imp (D:4)
  2 white imps
  2 ufetubi
  2 worms
  A dart slug (D:1)
  25 orcs
  2 bats
  8 endoplasms
  2 giant cockroaches
  10 hobgoblins
  8 jackals
  6 kobolds
  4 quokkas
  6 ball pythons
  A frilled lizard (D:3)
  2 gnoll zombies (Ossuary)
  11 goblins
  2 goblin zombies (Ossuary)
  4 hobgoblin zombies (Ossuary)
  4 kobold zombies (Ossuary)
  3 orc zombies (Ossuary)
  9 rats
209 creatures vanquished.

Notes
Turn   | Place    | Note
-------+----------+-------------------------------------------
     0 | D:1      | Fartwhistle the Gnoll Hunter began the quest for the Orb.
     0 | D:1      | Reached XP level 1. HP: 20/20 MP: 1/1
    79 | D:1      | Reached XP level 2. HP: 26/26 MP: 2/2
   677 | D:2      | Reached XP level 3. HP: 31/31 MP: 3/3
   775 | D:2      | Found a sparkling altar of Nemelex Xobeh.
   808 | D:2      | Found a faded altar of an unknown god.
   820 | D:2      | Noticed Robin
   890 | D:2      | Killed Robin
   891 | D:2      | Reached skill level 1 in Invocations
   924 | D:2      | Reached skill level 1 in Short Blades
   924 | D:2      | Reached skill level 1 in Long Blades
   924 | D:2      | Reached skill level 1 in Axes
   924 | D:2      | Reached skill level 1 in Maces & Flails
   924 | D:2      | Reached skill level 1 in Polearms
   924 | D:2      | Reached skill level 1 in Staves
   924 | D:2      | Reached skill level 1 in Throwing
   924 | D:2      | Reached skill level 1 in Armour
   924 | D:2      | Reached skill level 1 in Shields
   924 | D:2      | Reached skill level 1 in Unarmed Combat
   924 | D:2      | Reached skill level 1 in Spellcasting
   924 | D:2      | Reached skill level 1 in Evocations
   985 | D:2      | Reached XP level 4. HP: 29/38 MP: 5/5
  1076 | D:2      | Noticed Sigmund
  1300 | D:3      | Reached skill level 1 in Conjurations
  1300 | D:3      | Reached skill level 1 in Hexes
  1300 | D:3      | Reached skill level 1 in Summonings
  1300 | D:3      | Reached skill level 1 in Necromancy
  1300 | D:3      | Reached skill level 1 in Translocations
  1300 | D:3      | Reached skill level 1 in Transmutations
  1300 | D:3      | Reached skill level 1 in Fire Magic
  1300 | D:3      | Reached skill level 1 in Ice Magic
  1300 | D:3      | Reached skill level 1 in Air Magic
  1300 | D:3      | Reached skill level 1 in Earth Magic
  1300 | D:3      | Reached skill level 1 in Poison Magic
  1321 | D:3      | Found an iron altar of Okawaru.
  1619 | D:2      | Found Miemuix's Assorted Antiques.
  1627 | D:2      | Bought a scroll labelled DUQASOQ GEJU for 23 gold pieces
  1627 | D:2      | Bought a scroll labelled KICUZEA MILU for 23 gold pieces
  1627 | D:2      | Bought a scroll labelled UCESAU GUVIMA for 23 gold pieces
  1627 | D:2      | Bought a scroll labelled BOORRI TAPI for 23 gold pieces
  2000 | D:2      | Killed Sigmund
  2001 | D:2      | Reached skill level 5 in Fighting
  2001 | D:2      | Reached skill level 5 in Dodging
  2001 | D:2      | Reached XP level 5. HP: 25/44 MP: 5/7
  2001 | D:2      | Reached XP level 6. HP: 29/51 MP: 5/8
  2109 | D:4      | Noticed an orc warrior
  2239 | D:4      | Found a sand-covered staircase.
  2248 | Ossuary  | Entered an ossuary
  2380 | Ossuary  | Reached XP level 7. HP: 47/56 MP: 10/10
  2546 | Ossuary  | Reached skill level 9 in Ranged Weapons
  2825 | Ossuary  | Reached XP level 8. HP: 57/63 MP: 12/12
  3597 | D:4      | Noticed Duvessa
  3610 | D:4      | Noticed Dowan
  3619 | D:4      | Killed Duvessa
  3634 | D:3      | Killed Dowan
  3873 | D:4      | Noticed Edmund
  3946 | D:4      | Reached XP level 9. HP: 52/69 MP: 14/14
  4022 | D:4      | Found Josaedudd's Assorted Antiques.
  4113 | D:4      | Killed Edmund
  4337 | D:4      | Found a runed translucent door.
  4338 | D:4      | Noticed Crazy Yiuf
  4623 | D:4      | Learned a level 2 spell: Ensorcelled Hibernation
  4631 | D:4      | Killed Crazy Yiuf
  4646 | D:4      | Identified the +5 hammer "Foham" {freeze, Str+4}
  4676 | D:4      | Bought a runed shortbow for 126 gold pieces
  4713 | D:5      | Entered Level 5 of the Dungeon
  4743 | D:5      | Reached skill level 5 in Stealth
  4783 | D:5      | Found a runed translucent gate.
  4784 | D:5      | Found a runed translucent gate.
  4784 | D:5      | Found an opulent altar of Gozag.
  4785 | D:5      | Found a runed translucent gate.
  4787 | D:5      | Noticed catramo's ghost (novice DsFE)
  5330 | D:6      | Reached skill level 5 in Invocations
  5424 | D:6      | Found a transporter.
  5428 | D:6      | Noticed a troll
  5429 | D:6      | Found a transporter.
  5429 | D:6      | Noticed PanSaczeczos's ghost (novice NaBr)
  5781 | D:7      | Found Gacrim's Book Emporium.
  5971 | D:7      | Found a staircase to the Ecumenical Temple.
  5999 | D:7      | Noticed Joseph
  6008 | D:7      | Killed Joseph
  6009 | D:7      | Reached skill level 5 in Short Blades
  6009 | D:7      | Reached skill level 5 in Long Blades
  6009 | D:7      | Reached skill level 5 in Axes
  6009 | D:7      | Reached skill level 5 in Maces & Flails
  6009 | D:7      | Reached skill level 5 in Polearms
  6009 | D:7      | Reached skill level 5 in Staves
  6009 | D:7      | Reached skill level 10 in Ranged Weapons
  6009 | D:7      | Reached skill level 5 in Throwing
  6009 | D:7      | Reached skill level 5 in Armour
  6009 | D:7      | Reached skill level 5 in Shields
  6009 | D:7      | Reached skill level 5 in Unarmed Combat
  6009 | D:7      | Reached skill level 5 in Spellcasting
  6009 | D:7      | Reached skill level 5 in Evocations
  6009 | D:7      | Reached XP level 10. HP: 51/77 MP: 17/17
  6015 | Temple   | Entered the Ecumenical Temple
  6474 | D:7      | HP: 1/79 [something (6)]
  7186 | D:8      | Noticed a brown ugly thing
  7332 | D:8      | Found a shimmering altar of Xom.
  7583 | D:8      | Found a glowing golden altar of the Shining One.
  7595 | D:8      | Became a worshipper of the Shining One
  7654 | D:8      | Found a hazy altar of Hepliaklqana.
  7814 | D:8      | The Shining One protects you from harm!
  7815 | D:8      | Killed a brown ugly thing
  8142 | D:9      | Found a staircase to the Orcish Mines.
  8266 | D:9      | Got the Parchment of Cryomancy
  8675 | D:9      | Noticed a kobold demonologist
  8675 | D:9      | Noticed a kobold demonologist
  8687 | D:9      | Killed a kobold demonologist
  8691 | D:9      | Noticed a sixfirhy
  8696 | D:9      | HP: 2/79 [sixfirhy[a kobold demonologist] (4)]
  8696 | D:9      | Mangled by a sixfirhy

Illustrated notes

Levels and vault maps discovered:
D:1:      nzn_arrival_depleted_hourglass, layout_loops_ring, st_stairs_11
D:2:      layout_basic, serial_shops, nicolae_diamond_shop, basic_altar,
          basic_ecumenical_altar, uniq_robin, uniq_sigmund
D:3:      layout_basic, okawaru_gym_becter, corexii_leaking_fountain
D:4:      minmay_opposing_rooms, layout_rooms, nicolae_ossuary_entry_plus,
          serial_shops, shop, minmay_misc_feat_rugged, uniq_duvessa,
          uniq_crazy_yiuf_cottage, uniq_edmund
D:5:      layout_basic, ebering_ghost_gozag
D:6:      layout_cave_pools, gammafunk_ghost_arena
D:7:      layout_cave_pools, temple_pool_b, serial_shops, shop,
          minmay_microvault, uniq_joseph
D:8:      layout_basic, led_xom_imps, overflow_temple_1_default,
          nicolae_tso_swordbearing_angel
D:9:      layout_roguey, jmf_multi_god_temple2, erik_orc_3, serial_glass,
          glass_columns_c, glass_columns_c, serial_shops, shop
Temple:   nicolae_temple_bog_church

Skill      XL: |  1  2  3  4  5  6  7  8  9 10 |
---------------+-------------------------------+-----
Invocations    | 1 2 3 4 5 6 |  6.3
Short Blades   | 1 2 3 5 |  5.8
Long Blades    | 1 2 3 5 |  5.8
Axes           | 1 2 3 5 |  5.8
Maces & Flails | 1 2 3 5 |  5.8
Polearms       | 1 2 3 5 |  5.8
Staves         | 1 2 3 5 |  5.8
Throwing       | 1 2 3 5 |  5.8
Armour         | 1 2 3 5 |  5.8
Shields        | 1 2 3 5 |  5.8
Unarmed Combat | 1 2 3 5 |  5.8
Spellcasting   | 1 2 3 5 |  5.8
Evocations     | 1 2 3 5 |  5.8
Conjurations   | 1 2 3 4 |  4.8
Hexes          | 1 2 3 4 |  4.8
Summonings     | 1 2 3 4 |  4.8
Necromancy     | 1 2 3 4 |  4.8
Translocations | 1 2 3 4 |  4.8
Transmutations | 1 2 3 4 |  4.8
Fire Magic     | 1 2 3 4 |  4.8
Ice Magic      | 1 2 3 4 |  4.8
Air Magic      | 1 2 3 4 |  4.8
Earth Magic    | 1 2 3 4 |  4.8
Poison Magic   | 1 2 3 4 |  4.8
Fighting       | 5 6 7 |  7.5
Dodging        | 5 6 7 |  7.5
Stealth        | 3 4 5 6 |  6.3
Ranged Weapons | 9 10 | 10.3

Action                     |  1- 3 |  4- 6 |  7- 9 | 10-12 || total
---------------------------+-------+-------+-------+-------++-------
  Melee: Dagger            |       |       |    61 |       ||    61
         Punch             |       |       |     1 |     3 ||     4
         Short sword       |       |       |    24 |       ||    24
         Bite              |       |       |     4 |     7 ||    11
         Mace              |       |       |     9 |    38 ||    47
   Fire: Shortbow          |    87 |   126 |   419 |   137 ||   769
  Throw: Dart              |       |     2 |     2 |       ||     4
   Cast: Ensorcelled Hiber |       |       |     1 |       ||     1
  Evoke: Wand              |       |       |       |     3 ||     3
    Use: Scroll            |       |     4 |     3 |     3 ||    10
         Potion            |       |       |     3 |     3 ||     6
   Stab: Sleeping          |       |       |     1 |       ||     1
 Armour: Leather armour    |     6 |    14 |    52 |    33 ||   105
         Skin              |       |       |    35 |       ||    35
  Dodge: Dodged            |    29 |    38 |   237 |    56 ||   360
